 Dungeon Crawl Stone Soup version 0.31.0-11-ge490571c62 (webtiles) character file.

Game seed: 5761375341524261805

598 betzfer the Ruffian (level 7, -1/67 HPs)
             Began as a Troll Berserker on Jan 26, 2024.
             Was a Believer of Trog.
             Slain by a yak (8 damage)
             ... on level 5 of the Dungeon.
             The game lasted 01:08:59 (4183 turns).

betzfer the Ruffian (Troll Berserker)               Turns: 4183, Time: 01:09:00

Health: -1/67      AC:  2    Str: 24 (26) XL:     7   Next: 17%
Magic:  6/6        EV: 10    Int:  4 (5)  God:    Trog [**....]
Gold:   254        SH:  0    Dex:  8 (9)  Spells: 6/6 levels left

rFire   . .          .
                       - Unarmed
rCold   . . .        (no shield)
rNeg    . . .        (body armour restricted)
rPois   .            (helmet restricted)
rElec   .            (no cloak)
rCorr   .            (gloves unavailable)
SInv    .            (boots unavailable)
Will    .....        (no amulet)
Stlth   +            (no ring)
HPRegen 1.11/turn    (no ring)
MPRegen 0.10/turn

%: no passive effects
@: no status effects
A: large, unfitting armour, claws 3, regeneration 1, shaggy fur 1, tough skin 1
a: Renounce Religion, Berserk, Trog's Hand


You were on level 5 of the Dungeon.
You worshipped Trog.
Trog was pleased with you.
You visited 1 branch of the dungeon, and saw 5 of its levels.

You collected 254 gold pieces.

Inventory:

Hand Weapons
 F - the +8 longbow "Zephyr" {speed, Dex+3 SInv}
   (You found it on level 3 of the Dungeon)

   Dex+3:     It affects your dexterity (+3).
   SInv:      It lets you see invisible.
 U - the +4 short sword of Exoneration {holy, Int+6}
   (You found it on level 4 of the Dungeon)

   Int+6:     It affects your intelligence (+6).
 Y - a +0 mace of freezing
Missiles
 d - 3 atropa-tipped darts
 g - 56 stones
Jewellery
 u - an amulet of reflection
Talismans
 b - a serpent talisman
 A - a blade talisman
 H - a flux talisman
Wands
 B - a wand of polymorph (11)
 L - a wand of mindburst (9)
Scrolls
 a - a scroll of fog (quivered) {unknown}
 x - a scroll of teleportation
Potions
 e - a potion of attraction
 j - a potion of brilliance
 C - a potion of lignification
 V - 3 potions of magic


   Skills:
 + Level 3.2 Fighting
 + Level 1.0 Ranged Weapons
 + Level 3.7 Dodging
 + Level 1.2 Stealth
 + Level 0.4 Shields
 + Level 6.2 Unarmed Combat


You had 6 spell levels left.
You didn't know any spells.
Your spell library contained the following spells:

 Spells                   Type           Power      Damage    Failure   Level
 Magic Dart               Conj           0%         1d3       50%         1
 Blink                    Tloc           0%         N/A       65%         2
 Call Imp                 Summ           0%         N/A       65%         2
 Inner Flame              Hex/Fire       0%         N/A       86%         3
 Irradiate                Conj/Alch      0%         3d11      100%        5
 Ignition                 Fire           0%         3d3       100%        8


Dungeon Overview and Level Annotations

Branches:
Dungeon (5/15)
 Temple: D:4-7

Altars:
Hepliaklqana
Xom
Zin

Shops:
D:2 (

Annotations:
D:5 2 runed translucent doors


Innate Abilities, Weirdness & Mutations

You are too large for most types of armour.
You have claws for hands.
Your natural rate of healing is unusually fast.
You are covered in fur. (AC +1)
You have tough skin. (AC +1)


Message History

* * * LOW HITPOINT WARNING * * *
Reactivating autopickup.
The orc hits you but does no damage.
You are poisoned.
The yak barely misses you.
You barely miss the yak.
You feel very sick. The shadow closely misses you.
The orc hits you but does no damage.
The orc hits you with a +0 dagger of venom.
* * * LOW HITPOINT WARNING * * *
You are more poisoned.
The yak gores you!
* * * LOW HITPOINT WARNING * * *
You don't know any spells.
You don't know any spells.
You feel much better.
You feel very sick. The shadow hits you!
The orc wizard gestures at you while chanting.
The magic dart hits you.
* * * LOW HITPOINT WARNING * * *
The orc misses you.
The orc hits you with a +0 dagger of venom.
* * * LOW HITPOINT WARNING * * *
The yak closely misses you.
You bump into the rock wall.
You feel very sick. The shadow hits you.
* * * LOW HITPOINT WARNING * * *
The orc wizard mumbles some strange words.
The orc wizard flickers and vanishes!
Deactivating autopickup; reactivate with Ctrl-A.
The orc closely misses you. The orc barely misses you.
The yak closely misses you.
You feel better. The shadow hits you!
* * * LOW HITPOINT WARNING * * *
You hear some strange, mumbled words.
Something tries to affect you, but you resist.
The orc barely misses you. The yak gores you!
You die...

#.##..##.###.##.......##
#.##......##.#.........#
#.....>......'.........+
#.##.#....##.#.........#
####...........######..#
###.######.##8)?8# #.#
#.#8....8# .#
###.Y......+. .#
#o{@W......+.#
#o#o#8....8#.#
...O.##8!:8##.# ........
##### .##..###+ ..# .#.
.


You could see a yak, an ogre, a shadow, an orc priest and 2 orcs.

Vanquished Creatures
  Grinder (D:3)
  An ogre (D:5)
  2 phantoms (D:4)
  An iguana (D:4)
  4 gnolls (D:4)
  5 adders
  2 dart slugs
  A ribbon worm (D:3)
  5 ball pythons
  6 bats
  8 endoplasms
  3 giant cockroaches
  4 hobgoblins
  7 jackals
  4 kobolds
  2 quokkas
  5 frilled lizards
  4 goblins
  4 rats (D:1)
69 creatures vanquished.

Notes
Turn   | Place    | Note
-------+----------+-------------------------------------------
     0 | D:1      | betzfer the Troll Berserker began the quest for the Orb.
     0 | D:1      | Reached XP level 1. HP: 22/22 MP: 0/0
   158 | D:1      | Found a faded altar of an unknown god.
   351 | D:1      | Reached XP level 2. HP: 29/29 MP: 1/1
  1086 | D:2      | Reached XP level 3. HP: 36/36 MP: 2/2
  1093 | D:2      | Found Huik's Antique Weapon Boutique.
  1109 | D:2      | Reached ** piety under Trog
  1591 | D:2      | Found a glowing silver altar of Zin.
  2163 | D:3      | Reached XP level 4. HP: 37/44 MP: 3/3
  2174 | D:3      | Found the +8 longbow "Zephyr" {speed, Dex+3 SInv}
  2204 | D:3      | Noticed Grinder
  2224 | D:3      | Killed Grinder
  2225 | D:3      | Reached skill level 5 in Unarmed Combat
  2225 | D:3      | Reached XP level 5. HP: 36/53 MP: 4/4
  2316 | D:3      | Reached XP level 6. HP: 57/61 MP: 5/5
  2583 | D:3      | Found a glowing silver altar of Zin.
  2654 | D:3      | Found a shimmering altar of Xom.
  2925 | D:4      | Reached skill level 1 in Stealth
  2995 | D:4      | Found a hazy altar of Hepliaklqana.
  3000 | D:4      | Reached skill level 6 in Unarmed Combat
  3059 | D:4      | Identified the +4 short sword of Exoneration {holy, Int+6}
  3123 | D:4      | Reached *** piety under Trog
  3472 | D:4      | Reached XP level 7. HP: 67/67 MP: 6/6
  3889 | D:5      | Entered Level 5 of the Dungeon
  4156 | D:5      | Found a large runed translucent door.
  4157 | D:5      | Found a large runed translucent door.
  4162 | D:5      | Found a large runed translucent door.
  4162 | D:5      | Found a large runed translucent door.
  4163 | D:5      | Noticed a shadow
  4163 | D:5      | Noticed a yak
  4175 | D:5      | Reached skill level 1 in Ranged Weapons
  4183 | D:5      | Slain by a yak

Illustrated notes

Levels and vault maps discovered:
D:1:      onia_arrival_pyramid, layout_loops_ring, basic_ecumenical_altar
D:2:      layout_rooms, basic_altar, serial_forest, infiniplex_forest_lined_2,
          infiniplex_forest_straight_4, infiniplex_forest_clump_double,
          infiniplex_forest_clump_medium, infiniplex_forest_clump_small,
          infiniplex_forest_straight_2, infiniplex_forest_zigzag_1,
          infiniplex_forest_straight_4, serial_shops, shop,
          kennysheep_flooded_box
D:3:      layout_loops_ring, overflow_temple_1_default,
          mainiacjoe_overflow_alcove_2, uniq_grinder
D:4:      layout_loops_ring, mainiacjoe_overflow_cross_hatched,
          corexii_corridor_pit
D:5:      layout_loops_corners, nzn_wu_jian_council_hall,
          minmay_temple_entry_mini_moons, gammafunk_ghost_nasty_kobolds,
          minmay_hollow_rounded_squares

Skill      XL: |  1  2  3  4  5  6  7 |
---------------+----------------------+-----
Fighting       | 3 |  3.2
Dodging        | 3 |  3.7
Unarmed Combat | 5 6 |  6.2
Stealth        | 1 |  1.2
Ranged Weapons | 1 |  1.0
Shields        | |  0.4

Action                     |  1- 3 |  4- 6 |  7- 9 || total
---------------------------+-------+-------+-------++-------
  Melee: Unarmed           |   216 |    62 |     7 ||   285
         Punch             |     7 |     3 |       ||    10
   Fire: Longbow           |       |    39 |       ||    39
 Invoke: Berserk           |     1 |       |       ||     1
    Use: Scroll            |     1 |     7 |       ||     8
         Potion            |       |     8 |     4 ||    12
   Stab: Sleeping          |     1 |     1 |       ||     2
 Armour: Animal skin       |    72 |    27 |       ||    99
         Skin              |       |       |    14 ||    14
  Dodge: Dodged            |    64 |    23 |    11 ||    98
  Block: Other             |     1 |     9 |       ||    10
